[Event "ICCopen2017"]
[Site "Internet Chess Club"]
[Date "2017.03.25"]
[Round "10"]
[White "oriGinal"]
[Black "mahh"]
[Result "0-1"]
[ICCResult "White resigns"]
[WhiteElo "1720"]
[BlackElo "1544"]
[Opening "Levitsky attack (Queen's bishop attack)"]
[ECO "D00"]
[NIC "QP.08"]
[Time "15:58:59"]
[TimeControl "180+0"]

1. d4 d5 2. Bg5 c6 3. Nf3 g6 4. e3 Bg7 5. Bd3 Nf6 6. O-O O-O 7. Nbd2 Re8 8.
Re1 Qb6 9. b3 Nbd7 10. e4 dxe4 11. Nxe4 Nxe4 12. Rxe4 Nf6 13. Bxf6 Bxf6 14.
c3 Bf5 15. Re3 Bxd3 16. Qxd3 e6 17. h4 Rad8 18. h5 Kg7 19. hxg6 hxg6 20. g4
Rh8 21. g5 Be7 22. Qe4 Qc7 23. Rae1 Qd6 24. Qg4 Rh5 25. Kg2 Rdh8 26. Rg1 Qd5
27. Kf1 Qf5 28. Qg3 Qb1+ 29. Kg2 Qf5 30. Re5 Qc2 31. Rge1 Qxc3 32. R5e4 Qb4
33. Qe5+ Kg8 34. Qc7 Qd6 35. Qc8+ Qd8 36. Ne5 Qxc8 37. Nxg6 fxg6 38. Rxe6
Rxg5+ 39. Kf3 Qxe6 40. Rxe6 Kf7 41. Re3 Rh3+ 42. Ke2 Rxe3+ 43. fxe3 Ra5 44.
Kd3 Rxa2 {White resigns} 0-1

[Event "ICCopen2017"]
[Site "Internet Chess Club"]
[Date "2017.03.25"]
[Round "10"]
[White "Massada"]
[Black "ehkopean"]
[Result "0-1"]
[ICCResult "White resigns"]
[WhiteElo "1495"]
[BlackElo "1760"]
[Opening "Sicilian: Anderssen variation"]
[ECO "B41"]
[NIC "SI.41"]
[Time "15:58:51"]
[TimeControl "180+0"]

1. e4 c5 2. Nf3 e6 3. d4 cxd4 4. Nxd4 Nf6 5. Nc3 Nc6 6. Bc4 Bb4 7. Bd2 Nxd4
8. e5 Ng8 9. Qg4 Nf5 10. O-O-O Bxc3 11. Bxc3 h5 12. Qh3 Qh4 13. Qf3 Ngh6 14.
Ba6 Rb8 15. Bb5 a6 16. g4 {White resigns} 0-1

[Event "ICCopen2017"]
[Site "Internet Chess Club"]
[Date "2017.03.25"]
[Round "10"]
[White "blunder23"]
[Black "Eliezer"]
[Result "1/2-1/2"]
[ICCResult "Game drawn by repetition"]
[WhiteElo "1468"]
[BlackElo "1545"]
[Opening "Danish gambit"]
[ECO "C21"]
[NIC "KP.04"]
[Time "15:58:37"]
[TimeControl "180+0"]

1. e4 e5 2. d4 exd4 3. c3 d3 4. Bxd3 d6 5. Nf3 Nf6 6. h3 Nc6 7. O-O Be7 8.
Bf4 O-O 9. Qc2 Be6 10. Nbd2 Qc8 11. e5 dxe5 12. Nxe5 Nxe5 13. Bxe5 Nd7 14.
Bd4 Bf6 15. Nf3 c5 16. Bxh7+ Kh8 17. Bxf6 Nxf6 18. Ng5 g6 19. Rae1 Bf5 20.
Qb3 Kg7 21. h4 c4 22. Qb5 Bd3 23. Re7 Bxf1 24. Kxf1 Qg4 25. g3 Qd1+ 26. Kg2
Qd5+ 27. Qxd5 Nxd5 28. Rxb7 Nf6 29. Bxg6 Kxg6 30. f4 Ng4 31. Kf3 Nh2+ 32.
Kg2 Ng4 33. Kf3 Nh2+ 34. Kg2 Ng4 35. Kf3 Nh2+ {Game drawn by repetition}
1/2-1/2

[Event "ICCopen2017"]
[Site "Internet Chess Club"]
[Date "2017.03.25"]
[Round "10"]
[White "Hashimof"]
[Black "ErnestoRondon"]
[Result "1-0"]
[ICCResult "Black resigns"]
[WhiteElo "1951"]
[BlackElo "1836"]
[Opening "Sicilian: O'Kelly variation"]
[ECO "B28"]
[NIC "SI.43"]
[Time "15:58:22"]
[TimeControl "180+0"]

1. e4 c5 2. Nf3 a6 3. d4 cxd4 4. Nxd4 e5 5. Nf3 Nf6 6. Bd3 d5 7. Nc3 Bb4 8.
Bg5 d4 9. a3 Be7 10. Ne2 O-O 11. O-O Nc6 12. Ng3 h6 13. Bd2 Bg4 14. h3 Be6
15. Qe2 Qd7 16. Kh2 Nh7 17. c3 Rad8 18. Rfd1 f5 19. exf5 Bxf5 20. Bxf5 Qxf5
21. Nxf5 Rxf5 22. Qe4 Rdf8 23. cxd4 exd4 24. Be1 Bd6+ 25. Kh1 Bc5 26. b4 Ba7
27. Qe6+ Kh8 28. Nh4 R5f6 29. Ng6+ Rxg6 30. Qxg6 Nf6 31. f3 Rd8 32. Bh4 Ne5
33. Qf5 Ned7 34. Rac1 Rf8 35. Rc7 Rf7 36. Bxf6 gxf6 37. Rxd7 Kg7 38. Rxf7+
Kxf7 39. Qd7+ Kg6 40. Qxb7 d3 41. Qxa7 {Black resigns} 1-0

[Event "ICCopen2017"]
[Site "Internet Chess Club"]
[Date "2017.03.25"]
[Round "10"]
[White "cloak1"]
[Black "Istrebitel"]
[Result "1-0"]
[ICCResult "Black checkmated"]
[WhiteElo "1852"]
[BlackElo "1707"]
[Opening "Queen's bishop game"]
[ECO "D02"]
[NIC "QP.08"]
[Time "15:59:38"]
[TimeControl "180+0"]

1. d4 d5 2. Nf3 Nf6 3. Bf4 c6 4. e3 e6 5. c3 Bd6 6. Nbd2 Bxf4 7. exf4 Qc7 8.
g3 Nbd7 9. Bd3 c5 10. O-O cxd4 11. cxd4 Qb6 12. Nb3 a5 13. Rc1 a4 14. Nc5
Nxc5 15. dxc5 Qxb2 16. Rb1 Qxa2 17. Bb5+ Bd7 18. Bxd7+ Nxd7 19. Rxb7 Nxc5
20. Rc7 Ne4 21. Ne5 Kf8 22. Rxf7+ Kg8 23. Qh5 Nf6 24. Rxg7+ Kxg7 25. Qf7+
Kh6 26. Qxf6+ Kh5 27. Qg5# {Black checkmated} 1-0

[Event "ICCopen2017"]
[Site "Internet Chess Club"]
[Date "2017.03.25"]
[Round "10"]
[White "DEHO"]
[Black "AAlekin28"]
[Result "0-1"]
[ICCResult "White resigns"]
[WhiteElo "2092"]
[BlackElo "2614"]
[Opening "Nimzo-Indian: classical variation"]
[ECO "E32"]
[NIC "NI.20"]
[Time "15:58:38"]
[TimeControl "180+0"]

1. d4 Nf6 2. c4 e6 3. Nc3 Bb4 4. Qc2 O-O 5. a3 Bxc3+ 6. Qxc3 b6 7. Bg5 h6 8.
Bh4 Bb7 9. e3 d6 10. Ne2 Nbd7 11. Qc2 e5 12. d5 b5 13. Nc3 bxc4 14. Bxc4 Qc8
15. Rd1 c6 16. Qd2 cxd5 17. Bxd5 Bxd5 18. Nxd5 Nxd5 19. Qxd5 Nb6 20. Qxd6
Nc4 21. Qd5 Nxb2 22. Rb1 Na4 23. Qxe5 Re8 24. Qd4 Qc6 25. f3 g5 26. Bf2 Rad8
27. Qb4 Qa6 28. h4 Qd3 {White resigns} 0-1

[Event "ICCopen2017"]
[Site "Internet Chess Club"]
[Date "2017.03.25"]
[Round "10"]
[White "Mandragora"]
[Black "yachikoham"]
[Result "1-0"]
[ICCResult "Black forfeits on time"]
[WhiteElo "1577"]
[BlackElo "1318"]
[Opening "Robatsch (modern) defense"]
[ECO "B06"]
[NIC "KF.05"]
[Time "15:58:29"]
[TimeControl "180+0"]

1. e4 g6 2. d4 Bg7 3. Be3 d6 4. c3 Nf6 5. Nd2 O-O 6. Bd3 e5 7. h3 c6 8. Ne2
Nbd7 9. f4 exf4 10. Bxf4 Qe7 11. O-O Nh5 12. Bh2 c5 13. Qb3 cxd4 14. cxd4
Kh8 15. Nc4 b6 16. Bxd6 Qg5 17. Bxf8 Nxf8 18. Rxf7 Be6 19. Rxg7 Kxg7 20. Qd1
b5 21. Ne5 Qe3+ 22. Kh1 Nf4 23. Nxf4 Qxf4 24. Rc1 Bxa2 25. Rc7+ Kh6 26. Ng4+
Kg5 27. Rc5+ {Black forfeits on time} 1-0

[Event "ICCopen2017"]
[Site "Internet Chess Club"]
[Date "2017.03.25"]
[Round "10"]
[White "Dinamit"]
[Black "BMWHero"]
[Result "1-0"]
[ICCResult "Black resigns"]
[WhiteElo "2644"]
[BlackElo "2115"]
[Opening "Sicilian: Taimanov variation"]
[ECO "B48"]
[NIC "SI.40"]
[Time "15:59:06"]
[TimeControl "180+0"]

1. e4 c5 2. Nf3 e6 3. d4 cxd4 4. Nxd4 Nc6 5. Nc3 Qc7 6. Be3 Nf6 7. Bd3 a6 8.
O-O Nxd4 9. Bxd4 Bc5 10. Bxc5 Qxc5 11. Re1 d6 12. Re3 b5 13. a4 b4 14. Ne2
Bb7 15. h3 O-O 16. Qd2 e5 17. Ng3 Rfd8 18. Rf3 d5 19. Rxf6 dxe4 20. Qg5 Qe7
21. Nh5 g6 22. Bc4 Kh8 23. Rxg6 Qxg5 24. Rxg5 Rac8 25. Bb3 Rc7 26. Rxe5 Rg8
27. Nf6 Rg6 28. Nxe4 f5 29. Ng3 f4 30. Ne4 f3 31. g4 Rd7 32. Re1 Kg7 33. Kh2
Bc6 34. Kg3 Rd4 35. Nc5 Rd2 36. Re7+ Kh6 37. R1e6 a5 38. Rxg6+ hxg6 39. h4
g5 40. Re6+ Kg7 41. hxg5 Rd1 42. Rxc6 Rg1+ 43. Kxf3 {Black resigns} 1-0

[Event "ICCopen2017"]
[Site "Internet Chess Club"]
[Date "2017.03.25"]
[Round "10"]
[White "stin"]
[Black "flinkfinger"]
[Result "0-1"]
[ICCResult "White resigns"]
[WhiteElo "1909"]
[BlackElo "2173"]
[Opening "Sicilian: Taimanov (Bastrikov) variation"]
[ECO "B47"]
[NIC "SI.40"]
[Time "15:58:43"]
[TimeControl "180+0"]

1. e4 c5 2. Nf3 e6 3. d4 cxd4 4. Nxd4 Nc6 5. Nc3 Qc7 6. Be2 a6 7. O-O b5 8.
Nxc6 Qxc6 9. Bf3 Bb7 10. e5 Qc7 11. Bf4 Ne7 12. Ne4 Ng6 13. Nd6+ Bxd6 14.
exd6 Qc8 15. Bg3 O-O 16. Qd3 f5 17. Bh5 Be4 18. Qd4 Qxc2 19. Bxg6 hxg6 20.
Rac1 Qd3 21. Qxd3 Bxd3 22. Rfd1 Be4 23. Be5 Bc6 24. f3 g5 25. a3 Kf7 26. b4
Rh8 27. Rc3 a5 28. bxa5 Rxa5 29. Rdd3 Rh4 30. Kf2 Rha4 31. Rxc6 b4 32. axb4
Ra2+ 33. Ke3 Rxe5+ 34. Kd4 Rd5+ 35. Kc4 Rxd3 36. Kxd3 dxc6 {White resigns}
0-1

[Event "ICCopen2017"]
[Site "Internet Chess Club"]
[Date "2017.03.25"]
[Round "10"]
[White "iamGodskid"]
[Black "BeerMeUpScotty"]
[Result "0-1"]
[ICCResult "White checkmated"]
[WhiteElo "1347"]
[BlackElo "1569"]
[Opening "Mieses opening"]
[ECO "A00"]
[NIC "VO.13"]
[Time "16:00:15"]
[TimeControl "180+0"]

1. d3 Nf6 2. g3 e6 3. Bg2 d5 4. Nf3 c5 5. Bg5 Be7 6. Bxf6 Bxf6 7. Nc3 a6 8.
e4 dxe4 9. Nxe4 Bxb2 10. Rb1 Bd4 11. O-O O-O 12. c3 Bf6 13. Nxf6+ Qxf6 14.
Qb3 Nc6 15. Rbd1 Bd7 16. Qxb7 Rfd8 17. d4 Rab8 18. Qxa6 cxd4 19. cxd4 Be8
20. Ne5 Nxe5 21. dxe5 Qxe5 22. Rxd8 Rxd8 23. Qb6 Qd6 24. Qb3 Bc6 25. Bxc6
Qxc6 26. Qb2 h6 27. Qb1 Ra8 28. h3 Qa4 29. Kh2 Qxa2 30. Qb7 Qa6 31. Qb2 Qxf1
32. Qb7 Ra1 33. Qc8+ Kh7 34. Qc2+ g6 35. g4 Qg1# {White checkmated} 0-1

[Event "ICCopen2017"]
[Site "Internet Chess Club"]
[Date "2017.03.25"]
[Round "10"]
[White "FytinFrank"]
[Black "waynerooney"]
[Result "1-0"]
[ICCResult "Black checkmated"]
[WhiteElo "1858"]
[BlackElo "1956"]
[Opening "Vienna gambit"]
[ECO "C25"]
[NIC "VG.04"]
[Time "15:58:56"]
[TimeControl "180+0"]

1. e4 e5 2. Nc3 Nc6 3. f4 d6 4. Nf3 Bg4 5. Bb5 Nf6 6. Bxc6+ bxc6 7. O-O Be7
8. h3 Bxf3 9. Qxf3 O-O 10. d3 Rb8 11. b3 Re8 12. Be3 Bf8 13. Bxa7 Rb7 14.
Be3 d5 15. fxe5 dxe4 16. Nxe4 Nd5 17. Qxf7+ Kh8 18. Bg5 Qc8 19. c4 Nb4 20.
Nf6 Bc5+ 21. Kh1 Rf8 22. Qh5 gxf6 23. Bxf6+ Rxf6 24. exf6 Qf8 25. f7 Nxd3
26. Qf5 Bd4 27. Qxd3 Bxa1 28. Rxa1 Qxf7 29. Rf1 Qg7 30. Qd8+ Qg8 31. Rf8 Kg7
32. Rxg8+ Kh6 33. Qf6+ Kh5 34. g4# {Black checkmated} 1-0

[Event "ICCopen2017"]
[Site "Internet Chess Club"]
[Date "2017.03.25"]
[Round "10"]
[White "charlestehace"]
[Black "TricksOnly"]
[Result "0-1"]
[ICCResult "White resigns"]
[WhiteElo "3036"]
[BlackElo "2210"]
[Opening "Scandinavian defense"]
[ECO "B01"]
[NIC "SD.03"]
[Time "15:59:08"]
[TimeControl "180+0"]

1. e4 d5 2. exd5 Nf6 3. Bb5+ Bd7 4. Be2 Nxd5 5. d4 Bf5 6. Nf3 e6 7. O-O Be7
8. c4 Nb4 9. Na3 O-O 10. Qb3 c5 11. Be3 cxd4 12. Nxd4 Bg6 13. Bf3 N8c6 14.
Rfd1 Qc8 15. Nab5 Nxd4 16. Nxd4 e5 17. Nb5 Bc2 18. Qc3 Bxd1 19. Rxd1 Nc6 20.
Bd5 a6 21. Na3 Bb4 22. Qb3 Bxa3 23. Qxa3 Qc7 24. Bc5 Rfd8 25. Qb3 Qd7 26.
Qb6 Rac8 27. h3 h6 28. Re1 Ne7 29. Bxe7 Qxe7 30. b3 Rd7 31. f4 Qh4 32. Rxe5
Qxf4 33. Re2 Rxd5 {White resigns} 0-1

[Event "ICCopen2017"]
[Site "Internet Chess Club"]
[Date "2017.03.25"]
[Round "10"]
[White "Chaos23"]
[Black "Mormegil"]
[Result "1-0"]
[ICCResult "Black checkmated"]
[WhiteElo "1860"]
[BlackElo "1735"]
[Opening "Dutch"]
[ECO "A80"]
[NIC "HD.12"]
[Time "16:00:05"]
[TimeControl "180+0"]

1. d4 f5 2. Nc3 Nf6 3. Bg5 g6 4. Bxf6 exf6 5. e4 fxe4 6. Nxe4 d5 7. Ng3 Bd6
8. Qd2 O-O 9. O-O-O Nc6 10. Kb1 a5 11. h4 Nb4 12. a3 Na6 13. Bd3 c5 14. dxc5
Nxc5 15. Nf3 Nxd3 16. Qxd3 Be6 17. h5 Bf7 18. hxg6 Bxg6 19. Qxd5+ Kg7 20.
Qxd6 Qc8 21. Nh5+ Bxh5 22. Rxh5 Rf7 23. Nd4 Qe8 24. Nf5+ Kh8 25. Rdh1 Rd8
26. Qh2 Rdd7 27. Qf4 Qd8 28. Ne3 Rd4 29. Qf5 Qd6 30. Rxh7+ Kg8 31. Rh8+ Kg7
32. R1h7# {Black checkmated} 1-0

[Event "ICCopen2017"]
[Site "Internet Chess Club"]
[Date "2017.03.25"]
[Round "10"]
[White "Alikfish"]
[Black "hedgie"]
[Result "0-1"]
[ICCResult "White checkmated"]
[WhiteElo "1728"]
[BlackElo "1837"]
[Opening "Sicilian: closed, 2...Nc6"]
[ECO "B23"]
[NIC "SI.44"]
[Time "16:00:04"]
[TimeControl "180+0"]

1. e4 c5 2. Nc3 Nc6 3. Bc4 e6 4. Nge2 a6 5. d4 b5 6. d5 Ne5 7. Bxb5 axb5 8.
Nxb5 Qa5+ 9. Nec3 Ba6 10. dxe6 Bxb5 11. Qd5 d6 12. Bd2 Nf6 13. Nxb5 Nxd5 14.
Bxa5 Rxa5 15. exf7+ Kxf7 16. exd5 Rxb5 17. O-O-O Be7 18. b3 Ra8 19. a4 Bg5+
20. Kb1 Rxa4 21. g3 Bf6 22. f4 Nc4 23. c3 Rxb3+ 24. Kc2 Rxc3+ 25. Kb1 Rb4+
26. Ka2 Ra3# {White checkmated} 0-1

[Event "ICCopen2017"]
[Site "Internet Chess Club"]
[Date "2017.03.25"]
[Round "10"]
[White "nephilimflyer"]
[Black "crd"]
[Result "0-1"]
[ICCResult "White resigns"]
[WhiteElo "1525"]
[BlackElo "1246"]
[Opening "Benko's opening"]
[ECO "A00"]
[NIC "VO.09"]
[Time "15:59:38"]
[TimeControl "180+0"]

1. g3 d5 2. Bg2 Nc6 3. c3 Bf5 4. d3 e6 5. Qb3 Rb8 6. Nf3 h6 7. Nbd2 Nf6 8.
O-O Be7 9. Re1 O-O 10. e4 dxe4 11. dxe4 Bg6 12. c4 Qc8 13. h3 Bd6 14. e5
Nxe5 15. Nxe5 Bxe5 16. Rxe5 c6 17. Re1 Rd8 18. Ne4 Rd3 19. Bf4 Rxb3 20. axb3
Nxe4 21. Bxb8 Qxb8 22. Bxe4 Bxe4 23. Rxe4 Qd6 24. Rae1 b6 25. R4e2 c5 26.
Kg2 Qd3 27. Re3 Qd2 28. R1e2 Qd6 29. f4 g6 30. Kf3 Qc6+ 31. Kf2 b5 32. g4
bxc4 33. bxc4 Qb6 34. f5 gxf5 35. gxf5 exf5 36. Rg3+ Kf8 37. Rd2 Ke7 38.
Re3+ Kf6 39. Red3 Qb4 40. Rd6+ Kg7 41. Kf3 Qxc4 42. Rg2+ Kf8 43. Rd8+ Ke7
44. Rgd2 Qe4+ 45. Kg3 Qe3+ 46. Kg2 Qe4+ 47. Kf2 a5 48. R8d7+ Kf6 49. R7d6+
Kg7 50. Ra6 Qf4+ 51. Ke2 Qc4+ {White resigns} 0-1

[Event "ICCopen2017"]
[Site "Internet Chess Club"]
[Date "2017.03.25"]
[Round "10"]
[White "iliketal"]
[Black "manusupergm2001"]
[Result "0-1"]
[ICCResult "White resigns"]
[WhiteElo "1717"]
[BlackElo "2163"]
[Opening "Anderssen's opening"]
[ECO "A00"]
[NIC "VO.14"]
[Time "15:59:21"]
[TimeControl "180+0"]

1. a3 c5 2. b4 cxb4 3. axb4 e6 4. Bb2 Nf6 5. b5 Be7 6. e3 O-O 7. Nf3 b6 8.
Be2 Bb7 9. O-O d6 10. c4 Nbd7 11. d4 Qc7 12. Nbd2 Rfc8 13. Qb3 d5 14. Rfc1
Qd8 15. Ba3 Ne4 16. Nxe4 dxe4 17. Nd2 Nc5 18. Qb1 Nd3 19. Bxd3 exd3 20. Qxd3
Bxa3 21. Rxa3 Qg5 22. e4 Bxe4 23. Qxe4 Qxd2 24. Rac3 Rd8 25. Qb7 Qxd4 26. h3
Qd7 27. Qf3 Rac8 28. Ra3 Rc7 29. Rca1 Rdc8 30. Ra4 h6 31. Qa3 Rxc4 32. Rxa7
Qd4 33. Qe7 Rc1+ {White resigns} 0-1

[Event "ICCopen2017"]
[Site "Internet Chess Club"]
[Date "2017.03.25"]
[Round "10"]
[White "tirandopiezas"]
[Black "playwaycool"]
[Result "0-1"]
[ICCResult "White resigns"]
[WhiteElo "2013"]
[BlackElo "2253"]
[Opening "Caro-Kann: two knights variation"]
[ECO "B11"]
[NIC "CK.01"]
[Time "15:59:48"]
[TimeControl "180+0"]

1. e4 c6 2. Nc3 d5 3. Nf3 dxe4 4. Nxe4 Nd7 5. Qe2 e6 6. d4 Ngf6 7. Bg5 Be7
8. Nxf6+ Nxf6 9. O-O-O Qa5 10. Kb1 Qb6 11. g4 Nd5 12. Bd2 a5 13. c4 Ba3 14.
b3 a4 15. cxd5 axb3 16. Bc1 bxa2+ 17. Kc2 a1=Q 18. Qc4 exd5 19. Re1+ Be6 20.
Qc3 Qa2+ 21. Kd1 Qbb3+ 22. Qxb3 Qxb3+ 23. Ke2 Bb4 24. Nd2 Bxd2 25. Kxd2 Ra2+
{White resigns}
0-1

[Event "ICCopen2017"]
[Site "Internet Chess Club"]
[Date "2017.03.25"]
[Round "10"]
[White "Unico"]
[Black "bss2005"]
[Result "1-0"]
[ICCResult "Black checkmated"]
[WhiteElo "2436"]
[BlackElo "1790"]
[Opening "English: Bremen, reverse dragon"]
[ECO "A22"]
[NIC "EO.10"]
[Time "15:58:23"]
[TimeControl "180+0"]

1. c4 e5 2. Nc3 Nf6 3. g3 d5 4. Bg2 dxc4 5. Nf3 Nc6 6. Qa4 Bd7 7. Qxc4 Bd6
8. O-O O-O 9. d4 exd4 10. Nxd4 Nxd4 11. Qxd4 Bc6 12. Bxc6 bxc6 13. Bg5 Be7
14. Qxd8 Rfxd8 15. Rfd1 h6 16. Bxf6 Bxf6 17. Rxd8+ Rxd8 18. Rd1 Rd6 19. Rd3
Kf8 20. Kf1 c5 21. Ke1 c4 22. Rxd6 cxd6 23. Kd2 Ke8 24. Kc2 Kd7 25. Nd5 Bd4
26. e3 Ke6 27. Nf4+ Ke5 28. exd4+ Kxd4 29. Kd2 g5 30. Ng2 f5 31. Ne3 f4 32.
gxf4 gxf4 33. Nf5+ Ke4 34. Nxh6 Kf3 35. h4 Kxf2 36. Nf5 Kg2 37. h5 f3 38. h6
f2 39. h7 Kf3 40. Ne3 d5 41. h8=Q d4 42. Qxd4 Kg3 43. Qg4+ Kh2 44. Qg2#
{Black checkmated}
1-0

[Event "ICCopen2017"]
[Site "Internet Chess Club"]
[Date "2017.03.25"]
[Round "10"]
[White "Veldigo"]
[Black "zepelin"]
[Result "0-1"]
[ICCResult "White resigns"]
[WhiteElo "1665"]
[BlackElo "1988"]
[Opening "Bird's opening"]
[ECO "A02"]
[NIC "VO.07"]
[Time "15:59:51"]
[TimeControl "180+0"]

1. f4 g6 2. Nf3 Bg7 3. e3 c5 4. d4 cxd4 5. exd4 d5 6. Bd3 f5 7. O-O Nf6 8.
Qe2 Ne4 9. Nbd2 O-O 10. c3 e6 11. Ne5 Nd7 12. a3 Qb6 13. Kh1 a6 14. Rb1 Ndf6
15. Nxe4 fxe4 16. Bc2 Nd7 17. Be3 Nxe5 18. fxe5 Bd7 19. b4 Rxf1+ 20. Rxf1
Bb5 21. Qe1 Bxf1 22. Qxf1 Rf8 23. Qe1 Qd8 24. h3 h5 25. Qg3 Kh7 26. Bg5 Qe8
27. Qh4 Qf7 28. Kh2 Qf2 29. Ba4 Qxh4 30. Bxh4 Rf1 31. Bd7 e3 32. Bxe6 e2 33.
Bxd5 b6 34. Bf3 e1=Q 35. Bxe1 Rxe1 36. e6 Rxe6 37. c4 Bxd4 38. c5 bxc5 39.
bxc5 Bxc5 {White resigns} 0-1

[Event "ICCopen2017"]
[Site "Internet Chess Club"]
[Date "2017.03.25"]
[Round "10"]
[White "MAU"]
[Black "ShadowStorm"]
[Result "0-1"]
[ICCResult "White checkmated"]
[WhiteElo "1707"]
[BlackElo "1363"]
[Opening "French: exchange variation"]
[ECO "C01"]
[NIC "FR.01"]
[Time "15:59:22"]
[TimeControl "180+0"]

1. e4 e6 2. d4 d5 3. exd5 exd5 4. Nf3 Nf6 5. Bg5 Be7 6. Nbd2 Nbd7 7. c3 Nf8
8. Bd3 Ng6 9. Qc2 O-O 10. h3 Bd7 11. O-O-O c5 12. dxc5 Bxc5 13. Nb3 Be7 14.
g4 Rc8 15. Nfd4 a6 16. f4 b5 17. f5 Nh8 18. Bxf6 Bxf6 19. Be2 b4 20. Bxa6
bxc3 21. bxc3 Ra8 22. Bb7 Ra7 23. Bxd5 Qb6 24. h4 Bxd4 25. Rxd4 Rb8 26. g5
Be8 27. g6 hxg6 28. fxg6 Kf8 29. gxf7 Nxf7 30. Rf1 Qa6 31. Bxf7 Qxf1+ 32.
Kb2 Qxf7 33. Qd2 Kg8 34. Qh2 Rba8 35. Nc1 Qb7+ 36. Kc2 Bg6+ 37. Kd2 Qb2+ 38.
Ke3 Qxh2 39. Ne2 Re8+ 40. Kd2 Qxe2+ 41. Kc1 Rxa2 42. Rd8 Qc2# {White
checkmated} 0-1

[Event "ICCopen2017"]
[Site "Internet Chess Club"]
[Date "2017.03.25"]
[Round "10"]
[White "Eigeneier"]
[Black "oli2"]
[Result "0-1"]
[ICCResult "White resigns"]
[WhiteElo "1919"]
[BlackElo "1723"]
[Opening "QGA: 3.e4"]
[ECO "D20"]
[NIC "QG.04"]
[Time "15:58:57"]
[TimeControl "180+0"]

1. d4 d5 2. c4 dxc4 3. e4 e5 4. Nf3 exd4 5. Bxc4 Bb4+ 6. Bd2 Bxd2+ 7. Nbxd2
Nf6 8. Qb3 O-O 9. O-O Nc6 10. e5 Na5 11. Qa4 Nxc4 12. Qxc4 Be6 13. Qxd4 Nd5
14. Rac1 b6 15. b4 a5 16. a3 axb4 17. axb4 Ra4 18. Rb1 c5 19. Qb2 Rxb4 20.
Qc2 Qd7 21. Ne4 Bf5 22. Rfd1 Bxe4 23. Qd2 Rxb1 24. Rxb1 Bxb1 25. Qd1 Be4 26.
Ne1 Rd8 27. f3 Bg6 28. Qe2 Nf4 29. Qf2 Qd4 30. h3 Qxe5 31. Kh2 Ne2+ 32. Kh1
Rd1 33. f4 Nxf4 34. g3 Rxe1+ 35. Kh2 Re2 {White resigns} 0-1

[Event "ICCopen2017"]
[Site "Internet Chess Club"]
[Date "2017.03.25"]
[Round "10"]
[White "ROWLAND"]
[Black "habishek"]
[Result "1-0"]
[ICCResult "Black checkmated"]
[WhiteElo "1487"]
[BlackElo "1083"]
[Opening "Lengfellner system"]
[ECO "C01"]
[NIC "FR.01"]
[Time "16:00:13"]
[TimeControl "180+0"]

1. e4 e6 2. d4 d6 3. f4 Bd7 4. Nf3 Be7 5. Bd3 h6 6. O-O Nf6 7. b3 a6 8. Bb2
Nc6 9. Nbd2 O-O 10. e5 dxe5 11. fxe5 Nd5 12. c4 Ne3 13. Qe2 Nxf1 14. Rxf1
Na7 15. Qe4 g6 16. Qg4 Bc6 17. Bxg6 Bxf3 18. Rxf3 Bg5 19. Bb1 f5 20. exf6
Rxf6 21. h4 Rxf3 22. Nxf3 Kf7 23. hxg5 hxg5 24. Nxg5+ Ke7 25. Qxe6+ Kf8 26.
Qf7# {Black checkmated} 1-0

[Event "ICCopen2017"]
[Site "Internet Chess Club"]
[Date "2017.03.25"]
[Round "10"]
[White "presbyter4"]
[Black "Tasmaniandevil"]
[Result "0-1"]
[ICCResult "White forfeits on time"]
[WhiteElo "1809"]
[BlackElo "2030"]
[Opening "QGA, Janowsky-Larsen variation"]
[ECO "D25"]
[NIC "QG.06"]
[Time "15:59:09"]
[TimeControl "180+0"]

1. d4 d5 2. c4 dxc4 3. Nf3 Nf6 4. e3 Bg4 5. Bxc4 e6 6. Nc3 Nc6 7. h3 Bh5 8.
O-O Bd6 9. Qb3 O-O 10. Qxb7 Na5 11. Qa6 Nxc4 12. Qxc4 Bxf3 13. gxf3 Nd5 14.
f4 Rb8 15. Nxd5 exd5 16. Qxd5 Qf6 17. Qg5 Qe6 18. Kh2 Qe4 19. b3 Rb6 20. Bd2
Be7 21. Qe5 Qd3 22. Qxe7 Qxd2 23. Qxc7 Rg6 24. f5 Rg5 25. Qf4 h6 26. h4 Rh5
27. Qg4 g6 28. Rg1 Qxf2+ 29. Rg2 Rxh4+ 30. Qh3 Rxh3+ 31. Kxh3 Qxe3+ 32. Rg3
Qxd4 33. Rag1 g5 34. f6 Qxf6 35. Kg4 Qf4+ 36. Kh3 Rd8 37. Kg2 Rd2+ 38. Kh1
Qh4+ {White forfeits on time} 0-1

[Event "ICCopen2017"]
[Site "Internet Chess Club"]
[Date "2017.03.25"]
[Round "10"]
[White "glokoll"]
[Black "cheslikeyomama"]
[Result "1-0"]
[ICCResult "Black forfeits on time"]
[WhiteElo "1478"]
[BlackElo "1377"]
[Opening "Benko's opening"]
[ECO "A00"]
[NIC "VO.09"]
[Time "15:59:44"]
[TimeControl "180+0"]

1. g3 g6 2. Bg2 Bg7 3. c4 d6 4. Nc3 f5 5. d4 Nh6 6. Nf3 Nc6 7. e3 O-O 8. O-O
e5 9. d5 Ne7 10. Nd2 a6 11. f3 Nf7 12. e4 f4 13. g4 g5 14. Qe1 Ng6 15. Kf2
Nfh8 16. Rh1 c6 17. Nf1 cxd5 18. cxd5 Qb6+ 19. Ke2 Bd7 20. b3 Bb5+ 21. Kd2
Qd4+ 22. Kc2 Bd3+ 23. Kb2 b5 24. Qd2 b4 25. a4 bxc3+ 26. Qxc3 Qxc3+ 27. Kxc3
Bxf1 28. Bxf1 Rfc8+ 29. Bc4 Nf7 30. Ba3 Nf8 31. Kd3 Nd7 32. b4 Nb6 33. Bb3
a5 34. b5 Rc7 35. Rac1 Rac8 36. Rxc7 Rxc7 37. Rc1 Rxc1 38. Bxc1 Kf8 39. Bd2
Ke8 40. Bxa5 Nd7 41. b6 Nd8 42. Kc4 Nc5 43. Bc2 Ndb7 44. Kb5 Bf8 45. Bc3
{Black forfeits on time}
1-0

[Event "ICCopen2017"]
[Site "Internet Chess Club"]
[Date "2017.03.25"]
[Round "10"]
[White "Dupinpon"]
[Black "tdimarco"]
[Result "1-0"]
[ICCResult "Black resigns"]
[WhiteElo "1617"]
[BlackElo "1278"]
[Opening "Ruy Lopez: old Steinitz defense"]
[ECO "C62"]
[NIC "RL.02"]
[Time "15:59:42"]
[TimeControl "180+0"]

1. e4 e5 2. Nf3 Nc6 3. Bb5 d6 4. O-O Bd7 5. c3 Nf6 6. d4 exd4 7. cxd4 Be7 8.
Nc3 O-O 9. Bd3 Nb4 10. Bb1 h6 11. a3 Nc6 12. Bf4 Re8 13. Qd3 Nh5 14. e5 g6
15. Bxh6 Bf8 16. Bg5 Be7 17. Bxe7 Qxe7 18. Ba2 dxe5 19. Nd5 Qd6 20. dxe5
Nxe5 21. Nxe5 Qxe5 22. Ne3 Nf4 23. Qxd7 Qg5 24. Qxf7+ Kh8 25. Rad1 Rxe3 26.
g3 Re7 27. Qc4 Nh3+ 28. Kg2 Qh5 29. Rd4 Ng5 30. Rh4 Qxh4 31. Qxh4+
{Black resigns}
1-0

[Event "ICCopen2017"]
[Site "Internet Chess Club"]
[Date "2017.03.25"]
[Round "10"]
[White "DonDolor"]
[Black "FightForHonor"]
[Result "0-1"]
[ICCResult "White resigns"]
[WhiteElo "1741"]
[BlackElo "1790"]
[Opening "Sicilian defense"]
[ECO "B40"]
[NIC "SI.43"]
[Time "15:59:07"]
[TimeControl "180+0"]

1. e4 c5 2. Nf3 e6 3. d3 a6 4. g3 b5 5. Bg2 Bb7 6. O-O d5 7. Nbd2 Ne7 8. Re1
Nbc6 9. c3 g6 10. Qe2 Bg7 11. h4 O-O 12. e5 h5 13. Nf1 Qc7 14. Bf4 Kh7 15.
N3h2 d4 16. Nd2 dxc3 17. bxc3 Rad8 18. Nhf3 Nd5 19. Ne4 Nxf4 20. gxf4 Ne7
21. Nfg5+ Kg8 22. Qf3 Nf5 23. Rad1 Bd5 24. Qh3 Bxa2 25. Nf6+ Bxf6 26. exf6
Bb3 27. Rd2 c4 28. d4 b4 29. cxb4 Rxd4 30. Rxd4 Nxd4 31. Re3 Qxf4 32. Ne4
Qg4 33. Qxg4 hxg4 34. Nc5 Rd8 35. Kh2 Nf5 36. Re1 Nxh4 37. Rb1 Nxg2 38. Nxb3
cxb3 39. Kxg2 Rd3 {White resigns} 0-1